Map: Oxide LE

Players

KingCobra

  • Race: Protoss Protoss

MaxPax - Winner!

  • Race: Protoss Protoss

Event: DreamHack SC2 Masters 2021 Winter

VOD

Have the link to the VOD?

Description

Time

  • Played on: Oct. 2, 2021, 10:35 a.m.
  • Length: 5:46

All games in this series

Show
View Real Time Build Order
Export as new Build Order

KingCobra Protoss 

Build Orders:  

Get SALT Encoding   

  12  0:00  Probe  
  13  0:12  Probe  
  14  0:17  Pylon  
  14  0:24  Probe  
  15  0:35  Gateway  
  15  0:36  Probe (Chrono Boost)  
  16  0:46  Probe (Chrono Boost), Assimilator  
  17  0:51  Probe (Chrono Boost)  
  17  0:55  Assimilator  
  18  1:01  Pylon  
  18  1:04  Probe (Chrono Boost)  
  19  1:13  Probe (Chrono Boost)  
  19  1:18  Probe (Chrono Boost)  
  20  1:23  Cybernetics Core  
  21  1:31  Zealot  
  23  1:33  Probe  
  23  1:38  Pylon  
  24  1:45  Probe  
  25  1:57  Probe  
  25  2:00  Stargate, Adept (Chrono Boost)  
  26  2:05  Warp Gate (Chrono Boost)  
  28  2:13  Probe  
  29  2:24  Pylon  
  29  2:30  Stalker  
  31  2:43  Gateway  
  31  2:47  Pylon  
  31  2:56  Gateway  
  31  2:58  Gateway  
  31  3:02  Stalker  
  33  3:28  Pylon  
  33  3:48  Stalker x2  
  37  3:52  Stalker x2, Pylon  
  39  4:14  Stalker x2  
  41  4:18  Shield Battery  
  41  4:20  Shield Battery  
  41  4:22  Stalker  
  41  4:23  Stalker  
  39  4:41  Stalker x2  
  39  5:00  Stalker x2  
  39  5:06  Adept x2  
  39  5:29  Stalker x3  
Show
View Real Time Build Order
Export as new Build Order

MaxPax Protoss - Winner!

Build Orders: 1 Gate Expand, Phoenix Opening 

Get SALT Encoding   

  12  0:00  Probe  
  13  0:12  Probe  
  14  0:19  Pylon  
  14  0:24  Probe  
  15  0:37  Probe (Chrono Boost)  
  15  0:40  Gateway  
  16  0:47  Probe (Chrono Boost), Assimilator  
  17  0:52  Probe (Chrono Boost)  
  18  1:03  Probe  
  19  1:17  Probe  
  20  1:23  Nexus  
  20  1:34  Cybernetics Core  
  20  1:37  Probe  
  21  1:42  Assimilator  
  21  1:49  Probe  
  21  1:53  Pylon  
  23  2:01  Probe  
  23  2:13  Probe  
  24  2:15  Stargate  
  24  2:17  Adept (Chrono Boost)  
  26  2:25  Probe  
  26  2:28  Warp Gate  
  26  2:35  Probe  
  27  2:37  Probe  
  28  2:47  Probe  
  28  2:49  Shield Battery  
  30  2:59  Phoenix (Chrono Boost)  
  30  3:01  Stalker  
  33  3:06  Shield Battery  
  33  3:07  Probe  
  35  3:15  Phoenix (Chrono Boost)  
  36  3:24  Forge  
  38  3:42  Probe x2  
  38  3:43  Void Ray (Chrono Boost)  
  38  3:46  Stalker  
  42  3:55  Pylon  
  44  3:58  Shield Battery  
  44  4:01  Photon Cannon  
  44  4:10  Pylon  
  44  4:14  Void Ray (Chrono Boost)  
  44  4:16  Photon Cannon  
  48  4:26  Zealot  
  48  4:28  Probe  
  51  4:39  Photon Cannon  
  51  4:40  Shield Battery  
  51  4:42  Probe  
  51  4:43  Probe  
  51  4:44  Assimilator  
  53  5:01  Stargate  
  53  5:03  Stalker  
  53  5:04  Photon Cannon  
  55  5:08  Pylon  
  55  5:12  Pylon  
  55  5:13  Probe  
  54  5:16  Probe  
  54  5:30  Probe x2  
  54  5:33  Gateway  

Tags
 
Add a new tag
Caveats
  • Supply blocks, unpowered buildings, or Contaminate may cause inaccurate times.
  • Supply counts are checked every 10 seconds.